Login

Utica Comets vs Springfield Thunderbirds

Created - 13 April 2024 at 23:23

Goals
1 2 3 T
Utica Comets 0 0 0 0
Springfield Thunderbirds 1 0 2 3
Shots
1 2 3 T
Utica Comets 11 14 1 26
Springfield Thunderbirds 6 8 12 26

GoalsPenalties
1st period
1. Springfield Thunderbirds , Nathan Walker 10 (Calle Rosen 12, Tyler Tucker 6) at 12:04
Kyle Criscuolo (UTI) for Tripping (Minor) at 19:53
2nd period
No Goal
Zack Kassian (SPR) for Cross-checking (Minor) at 12:28
3rd period
2. Springfield Thunderbirds , Keean Washkurak 1 (Mathias Laferriere 2, Josh Jacobs 4) at 12:12
3. Springfield Thunderbirds , Matthew Peca 4 (Martin Frk 8, Nathan Walker 4) at 12:42
Tyler Tucker (SPR) for Tripping (Minor) at 14:06
Goalie Stats
Erik Kallgren (UTI), 23 saves from 26 shots - (0.885), L, 3-3-1, 60:00 minutes
Malcolm Subban (SPR), 26 saves from 26 shots - (1.000), W, 6-5-1, 60:00 minutes
3 StarsOfficial
1 - Malcolm Subban (SPR)
2 - Nathan Walker (SPR)
3 - Keean Washkurak (SPR)
Referees : Ghislain Hebert and Reid Anderson
Linesman : Luke Galvin and Shaun Morgan
Game Note
Calle Rosen is injured at 19:41 of 1st period (Right Foot)
Finance
Level 1 -- Attendance: 1921 (96.05%) -- Ticket Income $67,235
Level 2 -- Attendance: 856 (85.60%) -- Ticket Income $12,840
Total Attendance: 2777 (92.57%)
Total Ticket Income: $80,075
Other Income: $39,237
Total Income: $119,312



Team Name Goals Shots Shots Attemp Shots Blocked PIM HIT PP PK FO%
Utica Comets 0264752270 / 2 (0%)065%
Springfield Thunderbirds 3264484400 / 1 (0%)035%

Utica Comets
Player Name POS G A P +/- PIM HIT SHT SB MP PP MP PP SHT PK MP PK SHT FO% FOT GA TA
Alexander HoltzRW000000000:120:0000:0000% 000
Anton LundellC000-1056021:321:5600:1300% 020
Brian HalonenRW000000000:510:0000:0000% 000
Graeme ClarkeRW000000002:310:0000:0000% 000
Justin DowlingC0000001017:050:0000:45067% 300
Kent JohnsonLW000-2015021:141:5600:4200% 011
Kyle CriscuoloC000-2211021:311:5600:00071% 2111
Luke HughesD000-1001014:470:0000:0000% 000
Max WillmanC000-1021020:142:0200:00050% 600
Michael VukojevicD0000010020:291:1900:4200% 001
Sam PoulinRW000-1023020:012:0200:000100% 101
Santeri HatakkaD000-1000014:470:0000:0000% 001
Shane BowersC0000021116:080:0001:01150% 400
Simon NemecD000-2001124:442:3901:1700% 011
Tomas NosekLW000-2061018:420:0000:13050% 202
Tyce ThompsonRW0000062117:592:0201:0410% 010
Tyler WotherspoonD0000013020:291:1900:4200% 001
Zac JonesD000-2000224:442:3901:1700% 000
Springfield Thunderbirds
Player Name POS G A P +/- PIM HIT SHT SB MP PP MP PP SHT PK MP PK SHT FO% FOT GA TA
Calle RosenD011000218:120:0000:0000% 010
Dylan SikuraRW0000031010:490:0000:0000% 000
Hugh McGingLW0000041011:020:0800:0000% 020
Hunter SkinnerD0000001117:510:0000:4700% 000
Jake NeighboursLW0000020020:001:1102:040100% 111
Josh JacobsD0112020124:321:2402:0100% 002
Keean WashkurakC1011021111:390:0000:00075% 400
Mackenzie MacEachernLW0001010012:560:0000:5800% 100
Martin FrkRW0112022017:170:4800:5200% 210
Mathias LaferriereRW0111006011:530:0800:0000% 000
Matthew KesselD0002061118:140:3501:1800% 010
Matthew PecaC1012001116:340:4800:56029% 701
Mikhail AbramovC0000010015:020:0000:3600% 201
Nathan WalkerLW1122016016:340:4800:5600% 020
Tyler TuckerD0111291125:071:2401:3400% 010
William BittenC0000031020:181:0301:58035% 2000
Wyatt KalynukD0001020020:140:3501:5200% 000
Zack KassianRW0000222117:461:0300:0000% 001

Utica Comets

5 vs 5 Forward
Line #Left WingCenterRight WingPHYDFOFWanted %Time %Time Play
1Kent JohnsonKyle CriscuoloTomas Nosek1224036%19:12
2Anton LundellMax WillmanSam Poulin1223034%18:21
3Justin DowlingShane BowersTyce Thompson1222027%14:37
4Anton LundellJustin DowlingKyle Criscuolo122103%1:53
5 vs 5 Defense
Line #DefenseDefensePHYDFOFWanted %Time %Time Play
1Zac JonesSimon Nemec1224035%19:00
2Tyler WotherspoonMichael Vukojevic1223034%18:28
3Luke HughesSanteri Hatakka1222027%14:47
4Zac JonesSimon Nemec122103%1:48
Power Play Forward
Line #Left WingCenterRight WingPHYDFOFWanted %Time %Time Play
1Anton LundellKyle CriscuoloKent Johnson1226049%1:56
2Tyce ThompsonMax WillmanSam Poulin1224051%2:02
Power Play Defense
Line #DefenseDefensePHYDFOFWanted %Time %Time Play
1Zac JonesSimon Nemec1226067%2:39
2Tyler WotherspoonMichael Vukojevic1224033%1:19
Penalty Kill 4 Players Forward
Line #CenterWingPHYDFOFWanted %Time %Time Play
1Kyle CriscuoloTyce Thompson12260100%1:59
2Max WillmanAnton Lundell122400%0:00
Penalty Kill 4 Players Defense
Line #DefenseDefensePHYDFOFWanted %Time %Time Play
1Zac JonesSimon Nemec1226065%1:17
2Tyler WotherspoonMichael Vukojevic1224035%0:42
Penalty Kill 3 Players
Line #WingPHYDFOFWanted %Time %Time PlayDefenseDefensePHYDFOFWanted %Time %Time Play
1Kyle Criscuolo122600%0:00 Zac JonesSimon Nemec122600%0:00
2Max Willman122400%0:00 Tyler WotherspoonMichael Vukojevic122400%0:00
4 vs 4 Forward
Line #CenterWingPHYDFOFWanted %Time %Time Play
1Kyle CriscuoloTyce Thompson122600%0:00
2Max WillmanSam Poulin122400%0:00
4 vs 4 Defense
Line #DefensePHYDFOFWanted %Time %Time Play
1Zac JonesSimon Nemec122600%0:00
2Tyler WotherspoonMichael Vukojevic122400%0:00
Last Minutes Offensive
Left WingCenterRight WingDefenseDefense
Kent JohnsonKyle CriscuoloAnton LundellZac JonesSimon Nemec
Last Minutes Defensive
Left WingCenterRight WingDefenseDefense
Kent JohnsonKyle CriscuoloAnton LundellZac JonesSimon Nemec
Time
Total ForwardTotal DefenseLast Minutes OffensiveLast Minutes Defensive
60:00 60:00 0:000:00
Extra Forwards
Normal PowerPlayPenalty Kill
Tyce Thompson, Kyle Criscuolo, Shane BowersTyce Thompson, Kyle CriscuoloTyce Thompson
Extra Defensemen
Normal PowerPlayPenalty Kill
Michael Vukojevic, Simon Nemec, Zac JonesMichael Vukojevic, Michael VukojevicZac Jones
Penalty Shots
Kyle Criscuolo, Kent Johnson, Sam Poulin, Max Willman, Tyce Thompson
Goalie
Erik Kallgren, Keith Kinkaid
Custom OT Lines Forwards
Kyle Criscuolo, Kent Johnson, Sam Poulin, Max Willman, Tyce Thompson, Anton Lundell, Shane Bowers, Justin Dowling, Tomas Nosek, Alexander Holtz
Custom OT Lines Defensemen
Zac Jones, Simon Nemec, Tyler Wotherspoon, Michael Vukojevic, Luke Hughes
Scratches
Riley Bezeau (Healthy), Max Crozier (Right Ankle Injury), Josh Filmon (Healthy), Sam Houde (Healthy), Samuel Laberge (Healthy) Owen Pickering (Healthy)

Springfield Thunderbirds

5 vs 5 Forward
Line #Left WingCenterRight WingPHYDFOFWanted %Time %Time Play
1Jake NeighboursWilliam BittenZack Kassian1224032%17:04
2Nathan WalkerMatthew PecaMartin Frk1223027%14:50
3Hugh McGingMikhail AbramovDylan Sikura1222019%10:30
4Mackenzie MacEachernKeean WashkurakMathias Laferriere1221022%11:39
5 vs 5 Defense
Line #DefenseDefensePHYDFOFWanted %Time %Time Play
1Calle RosenTyler Tucker1224046%24:47
2Matthew KesselJosh Jacobs1223020%10:57
3Wyatt KalynukHunter Skinner1222022%11:38
4Calle RosenTyler Tucker1221012%6:41
Power Play Forward
Line #Left WingCenterRight WingPHYDFOFWanted %Time %Time Play
1Jake NeighboursWilliam BittenZack Kassian1226060%1:11
2Nathan WalkerMatthew PecaMartin Frk1224040%0:48
Power Play Defense
Line #DefenseDefensePHYDFOFWanted %Time %Time Play
1Calle RosenTyler Tucker12260100%1:59
2Matthew KesselJosh Jacobs122400%0:00
Penalty Kill 4 Players Forward
Line #CenterWingPHYDFOFWanted %Time %Time Play
1William BittenJake Neighbours1226076%3:02
2Matthew PecaNathan Walker1224024%0:56
Penalty Kill 4 Players Defense
Line #DefenseDefensePHYDFOFWanted %Time %Time Play
1Calle RosenTyler Tucker1226089%3:33
2Matthew KesselJosh Jacobs1224011%0:25
Penalty Kill 3 Players
Line #WingPHYDFOFWanted %Time %Time PlayDefenseDefensePHYDFOFWanted %Time %Time Play
1William Bitten122600%0:00 Calle RosenTyler Tucker122600%0:00
2Matthew Peca122400%0:00 Matthew KesselJosh Jacobs122400%0:00
4 vs 4 Forward
Line #CenterWingPHYDFOFWanted %Time %Time Play
1William BittenJake Neighbours122600%0:00
2Matthew PecaNathan Walker122400%0:00
4 vs 4 Defense
Line #DefensePHYDFOFWanted %Time %Time Play
1Calle RosenTyler Tucker122600%0:00
2Matthew KesselJosh Jacobs122400%0:00
Last Minutes Offensive
Left WingCenterRight WingDefenseDefense
Jake NeighboursWilliam BittenZack KassianCalle RosenTyler Tucker
Last Minutes Defensive
Left WingCenterRight WingDefenseDefense
Jake NeighboursWilliam BittenZack KassianCalle RosenTyler Tucker
Time
Total ForwardTotal DefenseLast Minutes OffensiveLast Minutes Defensive
60:00 60:00 0:000:00
Extra Forwards
Normal PowerPlayPenalty Kill
Martin Frk, Hugh McGing, Dylan SikuraMartin Frk, Hugh McGingMartin Frk
Extra Defensemen
Normal PowerPlayPenalty Kill
Josh Jacobs, Wyatt Kalynuk, Hunter SkinnerJosh Jacobs, Josh JacobsWyatt Kalynuk
Penalty Shots
Jake Neighbours, Nathan Walker, Zack Kassian, William Bitten, Martin Frk
Goalie
Malcolm Subban, Vadim Zherenko
Custom OT Lines Forwards
Jake Neighbours, Nathan Walker, Zack Kassian, William Bitten, Martin Frk, Hugh McGing, Dylan Sikura, Mackenzie MacEachern, Matthew Peca, Mathias Laferriere
Custom OT Lines Defensemen
Calle Rosen, Tyler Tucker, Matthew Kessel, Josh Jacobs, Wyatt Kalynuk
Scratches
Nikita Alexandrov (Healthy), Jeremie Biakabutuka (Healthy), Anton Malmstrom (Healthy)


Play-by-Play

1st period


0:01 of 1st period - Kyle Criscuolo wins face-off versus William Bitten in neutral zone.
0:06 of 1st period - Snap shot by Kent Johnson.
0:06 of 1st period - Stopped by Malcolm Subban without a rebound.
0:07 of 1st period - Jake Neighbours wins face-off versus Kyle Criscuolo in Springfield Thunderbirds zone.
0:07 of 1st period - Jake Neighbours is hit by Tomas Nosek.
1:11 of 1st period - Off-side.
1:12 of 1st period - Kyle Criscuolo wins face-off versus Keean Washkurak in neutral zone.
1:15 of 1st period - Mathias Laferriere is hit by Tomas Nosek and loses puck.
1:51 of 1st period - Icing by Anton Lundell.
1:52 of 1st period - Max Willman wins face-off versus Matthew Peca in Utica Comets zone.
2:39 of 1st period - Slapshot by Anton Lundell.
2:39 of 1st period - Shot Blocked by Tyler Tucker.
3:03 of 1st period - Snap shot by Sam Poulin.
3:03 of 1st period - Stopped by Malcolm Subban with a rebound.
3:05 of 1st period - Slapshot by Anton Lundell.
3:05 of 1st period - Shot Misses the Net.
3:07 of 1st period - Slapshot by Sam Poulin.
3:07 of 1st period - Shot Misses the Net.
3:39 of 1st period - Snap shot by Anton Lundell.
3:39 of 1st period - Deflect By Sam Poulin.
3:39 of 1st period - Stopped by Malcolm Subban with a rebound.
3:41 of 1st period - Wrist shot by Max Willman.
3:41 of 1st period - Stopped by Malcolm Subban without a rebound.
3:42 of 1st period - Kyle Criscuolo wins face-off versus William Bitten in Springfield Thunderbirds zone.
3:43 of 1st period - Wrist shot by Kent Johnson.
3:43 of 1st period - Stopped by Malcolm Subban without a rebound.
3:44 of 1st period - William Bitten wins face-off versus Kyle Criscuolo in Springfield Thunderbirds zone.
4:14 of 1st period - Luke Hughes is hit by Hugh McGing and loses puck.
4:35 of 1st period - Kent Johnson is hit by Wyatt Kalynuk and loses puck.
5:16 of 1st period - Calle Rosen is hit by Tyce Thompson and loses puck.
5:44 of 1st period - Icing by Graeme Clarke.
5:45 of 1st period - Keean Washkurak wins face-off versus Justin Dowling in Utica Comets zone.
5:48 of 1st period - Wrist shot by Mackenzie MacEachern.
5:48 of 1st period - Shot Misses the Net.
6:02 of 1st period - Slapshot by Jake Neighbours.
6:02 of 1st period - Shot Misses the Net.
7:25 of 1st period - Slapshot by Calle Rosen.
7:25 of 1st period - Shot Misses the Net.
7:37 of 1st period - Tyce Thompson is hit by Hugh McGing and loses puck.
8:06 of 1st period - Kyle Criscuolo is hit by Tyler Tucker and loses puck.
9:16 of 1st period - Slapshot by Martin Frk.
9:16 of 1st period - Deflect By Nathan Walker.
9:16 of 1st period - Stopped by Erik Kallgren with a rebound.
9:18 of 1st period - Slapshot by Hunter Skinner.
9:18 of 1st period - Stopped by Erik Kallgren with a rebound.
10:09 of 1st period - Wrist shot by Anton Lundell.
10:09 of 1st period - Stopped by Malcolm Subban without a rebound.
10:10 of 1st period - Tomas Nosek wins face-off versus William Bitten in Springfield Thunderbirds zone.
10:25 of 1st period - Wrist shot by Kyle Criscuolo.
10:25 of 1st period - Shot Blocked by Zack Kassian.
10:27 of 1st period - Wrist shot by Tomas Nosek.
10:27 of 1st period - Shot Misses the Net.
10:47 of 1st period - Wrist shot by Dylan Sikura.
10:47 of 1st period - Deflect By Hugh McGing.
10:47 of 1st period - Stopped by Erik Kallgren without a rebound.
10:48 of 1st period - Kyle Criscuolo wins face-off versus Matthew Peca in Utica Comets zone.
11:20 of 1st period - Tyce Thompson is hit by Zack Kassian and loses puck.
12:02 of 1st period - Slapshot by Calle Rosen.
12:02 of 1st period - Deflect By Anton Lundell.
12:02 of 1st period - Stopped by Erik Kallgren with a rebound.
12:04 of 1st period - Wrist shot by Nathan Walker.
12:04 of 1st period - Goal by Nathan Walker - Utica Comets : 0 - Springfield Thunderbirds : 1.
12:05 of 1st period - Justin Dowling wins face-off versus William Bitten in neutral zone.
13:44 of 1st period - Wrist shot by Kent Johnson.
13:44 of 1st period - Shot Blocked by Keean Washkurak.
15:18 of 1st period - Sam Poulin is hit by Hugh McGing and loses puck.
16:00 of 1st period - Mackenzie MacEachern is hit by Sam Poulin.
17:17 of 1st period - Wrist shot by Jake Neighbours.
17:17 of 1st period - Shot Misses the Net.
17:49 of 1st period - Josh Jacobs is hit by Kent Johnson and loses puck.
18:18 of 1st period - Zac Jones is hit by Tyler Tucker and loses puck.
18:41 of 1st period - Slapshot by Calle Rosen.
18:41 of 1st period - Stopped by Erik Kallgren without a rebound.
18:42 of 1st period - Max Willman wins face-off versus Mikhail Abramov in Utica Comets zone.
18:52 of 1st period - Anton Lundell is hit by Hugh McGing and loses puck.
18:59 of 1st period - Dylan Sikura is hit by Anton Lundell.
19:11 of 1st period - Snap shot by Kent Johnson.
19:11 of 1st period - Stopped by Malcolm Subban without a rebound.
19:12 of 1st period - William Bitten wins face-off versus Kyle Criscuolo in Springfield Thunderbirds zone.
19:12 of 1st period - William Bitten is hit by Tomas Nosek.
19:20 of 1st period - Snap shot by Kent Johnson.
19:20 of 1st period - Stopped by Malcolm Subban with a rebound.
19:22 of 1st period - Slapshot by Tomas Nosek.
19:22 of 1st period - Shot Misses the Net.
19:24 of 1st period - Snap shot by Tomas Nosek.
19:24 of 1st period - Shot Hit the Post.
19:26 of 1st period - Snap shot by Kyle Criscuolo.
19:26 of 1st period - Stopped by Malcolm Subban without a rebound.
19:27 of 1st period - Justin Dowling wins face-off versus William Bitten in Springfield Thunderbirds zone.
19:37 of 1st period - Slapshot by Anton Lundell.
19:37 of 1st period - Stopped by Malcolm Subban with a rebound.
19:39 of 1st period - Wrist shot by Justin Dowling.
19:39 of 1st period - Stopped by Malcolm Subban with a rebound.
19:41 of 1st period - Snap shot by Kyle Criscuolo.
19:41 of 1st period - Shot Blocked by Calle Rosen.
19:41 of 1st period - Calle Rosen from Springfield Thunderbirds is injured at 19:41 of 1st period (Right Foot).
19:42 of 1st period - William Bitten wins face-off versus Kyle Criscuolo in Springfield Thunderbirds zone.
19:42 of 1st period - William Bitten is hit by Tomas Nosek.
19:53 of 1st period - Minor Penalty to Kyle Criscuolo for Tripping.
19:54 of 1st period - Shane Bowers wins face-off versus William Bitten in Utica Comets zone.
Goals for this period are 0 for Utica Comets vs 1 for Springfield Thunderbirds.
Shots for this period are 11 for Utica Comets vs 6 for Springfield Thunderbirds.

2nd period


0:01 of 2nd period - Shane Bowers wins face-off versus William Bitten in neutral zone.
0:06 of 2nd period - Slapshot by Tyce Thompson.
0:06 of 2nd period - Stopped by Malcolm Subban with a rebound.
0:08 of 2nd period - Wrist shot by Shane Bowers.
0:08 of 2nd period - Stopped by Malcolm Subban with a rebound.
0:10 of 2nd period - Wrist shot by Shane Bowers.
0:10 of 2nd period - Shot Hit the Post.
0:34 of 2nd period - Zac Jones is hit by Tyler Tucker and loses puck.
0:41 of 2nd period - Snap shot by Nathan Walker.
0:41 of 2nd period - Shot Blocked by Zac Jones.
1:01 of 2nd period - Snap shot by Kent Johnson.
1:01 of 2nd period - Shot Misses the Net.
1:53 of 2nd period - Penalty to Kyle Criscuolo is over, Kyle Criscuolo is back on ice.
2:11 of 2nd period - Wrist shot by Tyce Thompson.
2:11 of 2nd period - Stopped by Malcolm Subban without a rebound.
2:12 of 2nd period - Keean Washkurak wins face-off versus Max Willman in Springfield Thunderbirds zone.
2:12 of 2nd period - Keean Washkurak is hit by Max Willman.
2:19 of 2nd period - Wrist shot by Anton Lundell.
2:19 of 2nd period - Stopped by Malcolm Subban without a rebound.
2:20 of 2nd period - Max Willman wins face-off versus Matthew Peca in Springfield Thunderbirds zone.
2:21 of 2nd period - Wrist shot by Anton Lundell.
2:21 of 2nd period - Shot Blocked by Matthew Peca.
2:23 of 2nd period - Snap shot by Max Willman.
2:23 of 2nd period - Shot Misses the Net.
2:25 of 2nd period - Snap shot by Sam Poulin.
2:25 of 2nd period - Stopped by Malcolm Subban with a rebound.
2:27 of 2nd period - Slapshot by Max Willman.
2:27 of 2nd period - Shot Misses the Net.
2:29 of 2nd period - Wrist shot by Max Willman.
2:29 of 2nd period - Shot Blocked by Josh Jacobs.
2:31 of 2nd period - Snap shot by Anton Lundell.
2:31 of 2nd period - Stopped by Malcolm Subban with a rebound.
2:33 of 2nd period - Slapshot by Luke Hughes.
2:33 of 2nd period - Deflect By Anton Lundell.
2:33 of 2nd period - Stopped by Malcolm Subban without a rebound.
2:34 of 2nd period - Kyle Criscuolo wins face-off versus William Bitten in Springfield Thunderbirds zone.
2:41 of 2nd period - Wrist shot by Kent Johnson.
2:41 of 2nd period - Stopped by Malcolm Subban with a rebound.
3:01 of 2nd period - Anton Lundell is hit by Josh Jacobs and loses puck.
3:12 of 2nd period - Snap shot by Nathan Walker.
3:12 of 2nd period - Stopped by Erik Kallgren with a rebound.
4:03 of 2nd period - Jake Neighbours is hit by Anton Lundell and loses puck.
4:20 of 2nd period - Snap shot by Nathan Walker.
4:20 of 2nd period - Shot Blocked by Shane Bowers.
4:22 of 2nd period - Wrist shot by Matthew Peca.
4:22 of 2nd period - Shot Blocked by Tyce Thompson.
4:24 of 2nd period - Wrist shot by Nathan Walker.
4:24 of 2nd period - Stopped by Erik Kallgren with a rebound.
4:26 of 2nd period - Wrist shot by Martin Frk.
4:26 of 2nd period - Stopped by Erik Kallgren with a rebound.
5:52 of 2nd period - Luke Hughes is hit by Matthew Kessel and loses puck.
6:46 of 2nd period - Tyler Tucker is hit by Tyce Thompson and loses puck.
7:05 of 2nd period - Snap shot by Mathias Laferriere.
7:05 of 2nd period - Stopped by Erik Kallgren with a rebound.
7:09 of 2nd period - Slapshot by Tyler Tucker.
7:09 of 2nd period - Stopped by Erik Kallgren with a rebound.
7:31 of 2nd period - Wrist shot by Dylan Sikura.
7:31 of 2nd period - Stopped by Erik Kallgren without a rebound.
7:32 of 2nd period - Kyle Criscuolo wins face-off versus Mikhail Abramov in Utica Comets zone.
7:49 of 2nd period - Jake Neighbours is hit by Shane Bowers and loses puck.
7:58 of 2nd period - Shane Bowers is hit by Matthew Kessel and loses puck.
8:26 of 2nd period - Icing by Matthew Peca.
8:27 of 2nd period - Kyle Criscuolo wins face-off versus Matthew Peca in Springfield Thunderbirds zone.
9:45 of 2nd period - Icing by Keean Washkurak.
9:46 of 2nd period - Keean Washkurak wins face-off versus Max Willman in Springfield Thunderbirds zone.
9:46 of 2nd period - Keean Washkurak is hit by Anton Lundell.
10:37 of 2nd period - Wrist shot by Nathan Walker.
10:37 of 2nd period - Stopped by Erik Kallgren with a rebound.
10:39 of 2nd period - Snap shot by Nathan Walker.
10:39 of 2nd period - Shot Misses the Net.
11:31 of 2nd period - Anton Lundell is hit by Nathan Walker.
11:58 of 2nd period - Wyatt Kalynuk is hit by Tyce Thompson and loses puck.
12:09 of 2nd period - Mikhail Abramov is hit by Max Willman.
12:28 of 2nd period - Minor Penalty to Zack Kassian for Cross-checking.
12:29 of 2nd period - William Bitten wins face-off versus Max Willman in Springfield Thunderbirds zone.
12:38 of 2nd period - Snap shot by William Bitten.
12:38 of 2nd period - Shot Misses the Net.
12:54 of 2nd period - Kent Johnson is hit by Jake Neighbours and loses puck.
13:22 of 2nd period - Icing by Max Willman.
13:23 of 2nd period - Kyle Criscuolo wins face-off versus Mackenzie MacEachern in Utica Comets zone.
14:21 of 2nd period - Max Willman is hit by Martin Frk and loses puck.
14:28 of 2nd period - Penalty to Zack Kassian is over, Zack Kassian is back on ice.
14:45 of 2nd period - Off-side.
14:46 of 2nd period - Kyle Criscuolo wins face-off versus Martin Frk in neutral zone.
15:09 of 2nd period - Martin Frk is hit by Sam Poulin and loses puck.
15:22 of 2nd period - Slapshot by Luke Hughes.
15:22 of 2nd period - Stopped by Malcolm Subban without a rebound.
15:23 of 2nd period - William Bitten wins face-off versus Shane Bowers in Springfield Thunderbirds zone.
15:34 of 2nd period - William Bitten is hit by Shane Bowers and loses puck.
15:45 of 2nd period - Zac Jones is hit by Tyler Tucker and loses puck.
15:52 of 2nd period - Slapshot by Simon Nemec.
15:52 of 2nd period - Stopped by Malcolm Subban with a rebound.
15:54 of 2nd period - Snap shot by Tyler Wotherspoon.
15:54 of 2nd period - Stopped by Malcolm Subban with a rebound.
15:56 of 2nd period - Snap shot by Tomas Nosek.
15:56 of 2nd period - Stopped by Malcolm Subban with a rebound.
16:19 of 2nd period - Anton Lundell is hit by Keean Washkurak and loses puck.
16:32 of 2nd period - Slapshot by Tyce Thompson.
16:32 of 2nd period - Shot Misses the Net.
16:34 of 2nd period - Backhand shot by Tyler Wotherspoon.
16:34 of 2nd period - Shot Misses the Net.
16:36 of 2nd period - Slapshot by Tyler Wotherspoon.
16:36 of 2nd period - Stopped by Malcolm Subban with a rebound.
16:38 of 2nd period - Slapshot by Tyler Wotherspoon.
16:38 of 2nd period - Stopped by Malcolm Subban with a rebound.
16:40 of 2nd period - Wrist shot by Shane Bowers.
16:40 of 2nd period - Shot Blocked by Hunter Skinner.
17:17 of 2nd period - Justin Dowling is hit by Dylan Sikura and loses puck.
17:28 of 2nd period - Wrist shot by Mackenzie MacEachern.
17:28 of 2nd period - Shot Misses the Net.
18:16 of 2nd period - Tyler Wotherspoon is hit by Dylan Sikura and loses puck.
18:52 of 2nd period - Simon Nemec is hit by Matthew Kessel and loses puck.
19:01 of 2nd period - Wrist shot by Matthew Peca.
19:01 of 2nd period - Shot Misses the Net.
19:14 of 2nd period - Simon Nemec is hit by Tyler Tucker.
19:18 of 2nd period - Snap shot by Mathias Laferriere.
19:18 of 2nd period - Shot Blocked by Zac Jones.
19:20 of 2nd period - Slapshot by Mikhail Abramov.
19:20 of 2nd period - Deflect By Mathias Laferriere.
19:20 of 2nd period - Stopped by Erik Kallgren without a rebound.
19:21 of 2nd period - William Bitten wins face-off versus Tomas Nosek in Utica Comets zone.
19:32 of 2nd period - Wrist shot by Kyle Criscuolo.
19:32 of 2nd period - Deflect By Tomas Nosek.
19:32 of 2nd period - Shot Misses the Net.
19:32 of 2nd period - Puck is out of play.
19:33 of 2nd period - William Bitten wins face-off versus Kyle Criscuolo in Springfield Thunderbirds zone.
19:58 of 2nd period - Martin Frk is hit by Tyce Thompson.
Goals for this period are 0 for Utica Comets vs 0 for Springfield Thunderbirds.
Shots for this period are 14 for Utica Comets vs 8 for Springfield Thunderbirds.

3rd period


0:01 of 3rd period - Kyle Criscuolo wins face-off versus William Bitten in neutral zone.
0:12 of 3rd period - Zack Kassian is hit by Tomas Nosek and loses puck.
0:31 of 3rd period - Off-side.
0:32 of 3rd period - Matthew Peca wins face-off versus Shane Bowers in neutral zone.
0:45 of 3rd period - Slapshot by Martin Frk.
0:45 of 3rd period - Stopped by Erik Kallgren with a rebound.
0:47 of 3rd period - Wrist shot by Nathan Walker.
0:47 of 3rd period - Stopped by Erik Kallgren without a rebound.
0:48 of 3rd period - Kyle Criscuolo wins face-off versus William Bitten in Utica Comets zone.
1:15 of 3rd period - Matthew Kessel is hit by Tyce Thompson and loses puck.
1:22 of 3rd period - Slapshot by Tyler Tucker.
1:22 of 3rd period - Shot Blocked by Simon Nemec.
1:24 of 3rd period - Snap shot by William Bitten.
1:24 of 3rd period - Shot Misses the Net.
1:26 of 3rd period - Slapshot by Zack Kassian.
1:26 of 3rd period - Stopped by Erik Kallgren with a rebound.
1:28 of 3rd period - Slapshot by Zack Kassian.
1:28 of 3rd period - Stopped by Erik Kallgren without a rebound.
1:29 of 3rd period - Kyle Criscuolo wins face-off versus Matthew Peca in Utica Comets zone.
1:34 of 3rd period - Martin Frk is hit by Michael Vukojevic and loses puck.
2:25 of 3rd period - Snap shot by Mathias Laferriere.
2:25 of 3rd period - Stopped by Erik Kallgren with a rebound.
2:27 of 3rd period - Slapshot by Tyler Tucker.
2:27 of 3rd period - Shot Misses the Net.
3:00 of 3rd period - Wrist shot by Anton Lundell.
3:00 of 3rd period - Stopped by Malcolm Subban with a rebound.
3:16 of 3rd period - Tomas Nosek is hit by Tyler Tucker and loses puck.
4:03 of 3rd period - Simon Nemec is hit by Tyler Tucker and loses puck.
4:16 of 3rd period - Wrist shot by Matthew Kessel.
4:16 of 3rd period - Deflect By Zac Jones.
4:16 of 3rd period - Stopped by Erik Kallgren with a rebound.
4:36 of 3rd period - Kent Johnson is hit by Matthew Kessel and loses puck.
4:58 of 3rd period - Slapshot by Nathan Walker.
4:58 of 3rd period - Shot Misses the Net.
5:12 of 3rd period - Anton Lundell is hit by Dylan Sikura and loses puck.
5:56 of 3rd period - Off-side.
5:57 of 3rd period - Kyle Criscuolo wins face-off versus Martin Frk in neutral zone.
6:22 of 3rd period - Kyle Criscuolo is hit by Tyler Tucker and loses puck.
6:50 of 3rd period - Tyler Wotherspoon is hit by William Bitten and loses puck.
7:51 of 3rd period - Hunter Skinner is hit by Anton Lundell and loses puck.
8:16 of 3rd period - Kyle Criscuolo is hit by Jake Neighbours and loses puck.
8:31 of 3rd period - Tyce Thompson is hit by Martin Frk and loses puck.
8:52 of 3rd period - Anton Lundell is hit by Matthew Kessel and loses puck.
9:01 of 3rd period - Mathias Laferriere is hit by Anton Lundell and loses puck.
9:55 of 3rd period - Anton Lundell is hit by Mikhail Abramov and loses puck.
10:28 of 3rd period - Tyce Thompson is hit by William Bitten and loses puck.
10:33 of 3rd period - Wrist shot by Jake Neighbours.
10:33 of 3rd period - Shot Misses the Net.
10:47 of 3rd period - Zac Jones is hit by Josh Jacobs and loses puck.
10:52 of 3rd period - Slapshot by William Bitten.
10:52 of 3rd period - Stopped by Erik Kallgren with a rebound.
10:54 of 3rd period - Snap shot by Mathias Laferriere.
10:54 of 3rd period - Stopped by Erik Kallgren without a rebound.
10:55 of 3rd period - Matthew Peca wins face-off versus Kyle Criscuolo in Utica Comets zone.
12:02 of 3rd period - Wrist shot by Hugh McGing.
12:02 of 3rd period - Shot Misses the Net.
12:08 of 3rd period - Slapshot by Mathias Laferriere.
12:08 of 3rd period - Stopped by Erik Kallgren with a rebound.
12:10 of 3rd period - Snap shot by Mathias Laferriere.
12:10 of 3rd period - Stopped by Erik Kallgren with a rebound.
12:12 of 3rd period - Snap shot by Keean Washkurak.
12:12 of 3rd period - Goal by Keean Washkurak - Utica Comets : 0 - Springfield Thunderbirds : 2.
12:13 of 3rd period - Sam Poulin wins face-off versus William Bitten in neutral zone.
12:38 of 3rd period - Nathan Walker is hit by Tomas Nosek.
12:42 of 3rd period - Snap shot by Matthew Peca.
12:42 of 3rd period - Goal by Matthew Peca - Utica Comets : 0 - Springfield Thunderbirds : 3.
12:43 of 3rd period - Kyle Criscuolo wins face-off versus William Bitten in neutral zone.
13:00 of 3rd period - Wrist shot by Tomas Nosek.
13:00 of 3rd period - Shot Blocked by Matthew Kessel.
13:16 of 3rd period - Michael Vukojevic is hit by Zack Kassian and loses puck.
13:41 of 3rd period - Max Willman is hit by Matthew Kessel and loses puck.
13:56 of 3rd period - Tyler Tucker is hit by Tyler Wotherspoon and loses puck.
14:06 of 3rd period - Minor Penalty to Tyler Tucker for Tripping.
14:07 of 3rd period - Kyle Criscuolo wins face-off versus William Bitten in Springfield Thunderbirds zone.
14:08 of 3rd period - Snap shot by Kent Johnson.
14:08 of 3rd period - Shot Misses the Net.
14:48 of 3rd period - William Bitten is hit by Kyle Criscuolo.
14:58 of 3rd period - Nathan Walker is hit by Tyce Thompson and loses puck.
16:06 of 3rd period - Penalty to Tyler Tucker is over, Tyler Tucker is back on ice.
16:55 of 3rd period - Tyler Wotherspoon is hit by Wyatt Kalynuk and loses puck.
17:06 of 3rd period - Tomas Nosek is hit by Mackenzie MacEachern and loses puck.
18:07 of 3rd period - Santeri Hatakka is hit by Keean Washkurak and loses puck.
18:28 of 3rd period - Anton Lundell is hit by William Bitten and loses puck.
18:53 of 3rd period - Kyle Criscuolo is hit by Tyler Tucker.
Goals for this period are 0 for Utica Comets vs 2 for Springfield Thunderbirds.
Shots for this period are 1 for Utica Comets vs 12 for Springfield Thunderbirds.